 Dungeon Crawl Stone Soup version 0.21.1-1-g345015f (webtiles) character file.

40 chorionicmirror the Firebug (level 3, -1/26 HPs)
             Began as a Draconian Fire Elementalist on June 9, 2018.
             Was an Initiate of Elyvilon.
             Killed from afar by Sigmund (6 damage)
             ... with a magic dart
             ... on level 2 of the Dungeon.
             The game lasted 00:21:09 (1546 turns).

chorionicmirror the Firebug (DrFE)                  Turns: 1546, Time: 00:21:10

Health: -1/26      AC:  5    Str: 10    XL:     3   Next: 30%
Magic:  2/6        EV: 12    Int: 16    God:    Elyvilon [......]
Gold:   88         SH:  0    Dex: 11    Spells: 3/6 levels left

rFire    . . .     SeeInvis .   n - -2 club (curse)
rCold    . . .     Gourm    +   (no shield)
rNeg     . . .     Faith    .   (armour unavailable)
rPois    .         Spirit   .   (helmet restricted)
rElec    .         Reflect  .   (no cloak)
rCorr    .         Harm     .   (no gloves)
MR       .....                  (no boots)
Stlth    +.........             o - amulet of the gourmand
HPRegen  0.08/turn              (no ring)
MPRegen  0.10/turn              (no ring)

@: confused
A: unfitting armour, cold-blooded, AC +5
a: Renounce Religion


You were on level 2 of the Dungeon.
You worshipped Elyvilon.
Elyvilon was noncommittal.
You were full.

You visited 1 branch of the dungeon, and saw 2 of its levels.

You collected 88 gold pieces.

Inventory:

Hand Weapons
 e - a +0 club
 g - a +0 whip
 h - a +3 antimagic dagger
 n - a cursed -2 club (weapon)
 q - a +0 club
Missiles
 c - 40 arrows
 i - 16 poisoned needles
 k - 26 stones (quivered)
 p - 27 bolts
Armour
 j - a +0 helmet
 m - a +0 ring mail
Jewellery
 o - an amulet of the gourmand (around neck)
Potions
 d - a potion of ambrosia {unknown}
 f - a potion of lignification {unknown}
 l - 3 potions of heal wounds
Books
 a - a book of Flames

   Spells                             Type                      Level
   a - Flame Tongue                   Conjuration/Fire             1
   b - Throw Flame                    Conjuration/Fire             2
   c - Conjure Flame                  Conjuration/Fire             3
   d - Inner Flame                    Hexes/Fire                   3
   e - Sticky Flame                   Conjuration/Fire             4
   f - Fireball                       Conjuration/Fire             5
Comestibles
 b - 9 rations


   Skills:
 * Level 1.1 Maces & Flails
 + Level 1.8 Dodging
 + Level 2.0 Stealth
 + Level 0.1 Unarmed Combat
 + Level 2.3 Spellcasting
 + Level 1.1 Conjurations
 + Level 3.6 Fire Magic


You had 3 spell levels left.
You knew the following spells:

 Your Spells              Type           Power        Failure   Level  Hunger
a - Flame Tongue          Conj/Fire      #....        8%          1    #......
b - Throw Flame           Conj/Fire      #.....       12%         2    ###....


Dungeon Overview and Level Annotations

Branches:
Dungeon (2/15)

Altars:
Elyvilon

Annotations:
D:2 Sigmund


Innate Abilities, Weirdness & Mutations

Your plain brown scales are hard. (AC +5)
You cannot fit into any form of body armour.
You are cold-blooded and may be slowed by cold attacks.


Message History

Aim: Sigmund, wielding a scythe and wearing a robe (severely wounded)
The flame tongue misses Sigmund.
Casting: Flame Tongue
Confirm with . or Enter, or press ? or * to list all spells.
Aiming: Flame Tongue
Press: ? - help, Shift-Dir - straight line, f/p - Sigmund
Aim: Sigmund, wielding a scythe and wearing a robe (severely wounded)
The flame tongue misses Sigmund.
Sigmund points at you and mumbles some strange words.
You are confused.
You're too confused to cast spells.
You're too confused!
Sigmund points at you and mumbles some strange words.
The puff of flame misses you. Sigmund barely misses you.
You completely miss Sigmund.
Sigmund is severely wounded.
Sigmund points at you and mumbles some strange words.
The magic dart hits you!
You die...

........................######[#.
#####.######...########.## #.#. #
#.# #.#.# #..# #.# # #.#
#$#.#########.#####.# # #.#
#.#.................. # #.#
#.#....######.#####.# ### #..
..#.............# #.# ..# ###
###...@######...# #.# #.#
#.#@....# ##..# #.# #.######
#.......# #..###.## #......#
###.##### #........ .....#.# #.#
#..###.## ####.#.# #.# ##....รท..
...#.#.# ###.# #..#...#
##.#.#.##### #...# #..#...#
#.#<#.....###.#.##########.....#
#.##### #......................#


You could see Sigmund.

Vanquished Creatures
  An ooze (D:1)
  A dart slug (D:1)
  A leopard gecko (D:1)
  A giant cockroach (D:2)
  4 goblins (D:1)
  3 hobgoblins
  7 jackals
  A kobold (D:1)
  A quokka (D:2)
  5 bats (D:1)
  4 frilled lizards (D:1)
  A rat (D:1)
30 creatures vanquished.

Notes
Turn   | Place    | Note
-------+----------+-------------------------------------------
     0 | D:1      | chorionicmirror the Draconian Fire Elementalist began the quest for the Orb.
     0 | D:1      | Reached XP level 1. HP: 14/14 MP: 3/3
   408 | D:1      | Reached XP level 2. HP: 20/20 MP: 3/5
   832 | D:1      | Reached skill level 1 in Maces & Flails
   835 | D:1      | Reached XP level 3. HP: 22/26 MP: 2/6
   866 | D:1      | Learned a level 2 spell: Throw Flame
  1297 | D:2      | Found a white marble altar of Elyvilon.
  1309 | D:2      | Became a worshipper of Elyvilon the Healer
  1495 | D:2      | Noticed Sigmund
  1546 | D:2      | Killed from afar by Sigmund

Skill      XL: |  1  2 |
---------------+-------+-----
Stealth        | 2 |  2.0
Maces & Flails | 1 |  1.1
Dodging        | |  1.8
Unarmed Combat | |  0.1
Spellcasting   | |  2.3
Conjurations   | |  1.1
Fire Magic     | |  3.6

Action                   || total
-------------------------++-------
Melee: Unarmed           ||    19
       Club              ||    43
 Cast: Flame Tongue      ||    37
       Throw Flame       ||     6
  Use: Scroll            ||     3
 Stab: Sleeping          ||     1
  Eat: Chunk             ||    16
Armor: Skin              ||    42
Dodge: Dodged            ||    99
